 Dungeon Crawl Stone Soup version 0.18.1-48-g4cf74bf (console) character file.

1325 lauthentik the Covert (level 8, -3/55 HPs)
             Began as a Vampire Enchanter on July 4, 2016.
             Slain by an ice beast (4 damage)
             ... on level 4 of the Dungeon.
             The game lasted 00:20:05 (4850 turns).

lauthentik the Covert (Vampire Enchanter)           Turns: 4850, Time: 00:20:06

Health: -3/55      AC:  4    Str:  7    XL:     8   Next: 34%
Magic:  0/23       EV: 14    Int: 20    God:
Gold:   234        SH:  0    Dex: 14    Spells: 3 memorised, 9 levels left

rFire  . . .     SeeInvis +     w - +0 dagger (speed)
rCold  + + .     Gourm    .     b - +2 robe
rNeg   + + +     Faith    .     (no shield)
rPois  ∞         Spirit   .     (no helmet)
rElec  .         Dismiss  .     (no cloak)
rCorr  .         Reflect  .     (no gloves)
SustAt .         Harm     .     (no boots)
MR     .....     Rnd*Tele +     (no amulet)
Stlth  +++++.....               x - ring of magical power
                                u - ring of teleportation (curse)

@: bloodless, non-regenerating, not resistant to hostile enchantments, quite
stealthy
A: fangs 3, see invisible, unbreathing
a: Bat Form


You were on level 4 of the Dungeon.
You were bloodless.

You visited 1 branch of the dungeon, and saw 5 of its levels.
You also visited: Sewer.

You collected 234 gold pieces.

Inventory:

Hand Weapons
 a - a +2 dagger
 p - a +0 short sword
 s - a +0 blowgun
 w - a +0 dagger of speed (weapon)
Missiles
 t - 12 poisoned needles
Armour
 b - a +2 robe (worn)
 m - a +0 robe
 o - a +0 robe
Jewellery
 j - an uncursed ring of loudness
 n - an uncursed amulet of inaccuracy
 u - a cursed ring of teleportation (left hand)
 x - a ring of magical power (right hand)
Wands
 i - a wand of disintegration (7/24)
Scrolls
 e - 4 scrolls of blinking
 g - 2 scrolls of identify
 k - 2 scrolls of teleportation
 q - 3 scrolls of enchant armour
 y - a scroll of fog {unknown}
Potions
 d - 8 potions of blood
 f - 2 potions of heal wounds {unknown}
 l - a potion of haste {unknown}
 r - a potion of cure mutation {unknown}
 v - a potion of might {unknown}
 z - a potion of lignification {unknown}
Books
 c - a book of Maledictions

   Spells                             Type                      Level
   a - Corona                         Hexes                        1
   b - Ensorcelled Hibernation        Hexes/Ice                    2
   c - Confuse                        Hexes                        3
   d - Tukima's Dance                 Hexes                        3
   e - Dazzling Spray                 Conjuration/Hexes            3


   Skills:
 + Level 1.7 Fighting
 + Level 2.5 Short Blades
 + Level 4.5 Dodging
 + Level 9.5 Stealth
 + Level 4.4 Spellcasting
 + Level 7.9 Hexes
 + Level 2.7 Ice Magic


You had 9 spell levels left.
You knew the following spells:

 Your Spells              Type           Power        Failure   Level  Hunger
a - Ensorcelled Hibernat  Hex/Ice        ####..       2%          2    #......
b - Corona                Hex            #####..      1%          1    None
c - Confuse               Hex            #####...     1%          3    ###....


Dungeon Overview and Level Annotations

Branches:
Dungeon (5/15)
 Temple: D:4-7

Altars:
Kikubaaqudgha
Nemelex Xobeh
Trog
The Shining One

Shops:
D:4 ?


Innate Abilities, Weirdness & Mutations

You do not heal naturally.
You are immune to poison.
You have razor-sharp teeth.
You have supernaturally acute eyesight.
You can survive without breathing.


Message History

* * * LOW HITPOINT WARNING * * *
The ice beast freezes you. You resist.
* * * LOW HITPOINT WARNING * * *
You hit the ice beast but do no damage.
The ice beast is almost dead.
The ice beast misses you.
You hit the ice beast but do no damage.
The ice beast is almost dead.
Casting: Confuse
Confirm with . or Enter, or press ? or * to list all spells.
Aiming: Confuse
Press: ? - help, Shift-Dir - straight line, f/p - ice beast
Aim: an ice beast (almost dead, chance to defeat MR: 64%)
The ice beast struggles to resist.
The ice beast misses you.
You hit the ice beast but do no damage.
The ice beast is almost dead.
The ice beast hits you.
* * * LOW HITPOINT WARNING * * *
The ice beast freezes you. You resist.
You die...

≈≈.≈≈#..# #.##..#.# #.#
≈≈≈≈≈#..####.##..#.# #.#
######...........#.# #.#
.......#.###.##.##.# #.#
..............#.##.####.#
............<.........#.#########
##.###.#.###..##.#.##.[........†.
#.# #.#.# #..##Y#.##...####.####
##.# #.#.# #).##@#.##...# #.#
...###.#.###....)).##.<.# #.#
................>####.#.# #.#
##.###.#####.###.# #.#.# #.####
##.# #.# #.# #.# #.#.####.....
.#.# #.# #.# ### #..........##
.#.###.# #.# ###........##
.......#####.# ########.##
#.####.......# #.##


You could see an ice beast.

Vanquished Creatures
  Pikel (D:4)
  Menkaure (D:4)
  Duvessa (D:4)
  An ogre (D:4)
  2 giant frogs (Sewer)
  Dowan (D:4)
  A water moccasin skeleton (D:4)
  A scorpion (D:4)
  A hound (D:4)
  An iguana (D:4)
  14 adders
  An ooze (D:2)
  3 worms
  4 dart slugs
  6 giant geckos
  4 orcs
  4 ball pythons
  8 bats
  12 giant cockroaches
  10 goblins
  10 hobgoblins
  8 jackals
  21 giant newts
  A jackal skeleton (D:4)
  4 kobolds
  4 rats
125 creatures vanquished.

Notes
Turn   | Place    | Note
--------------------------------------------------------------
     0 | D:1      | lauthentik the Vampire Enchanter began the quest for the Orb.
     0 | D:1      | Reached XP level 1. HP: 13/13 MP: 3/3
   267 | D:1      | Reached XP level 2. HP: 19/19 MP: 5/5
   399 | D:1      | Learned a level 2 spell: Ensorcelled Hibernation
   787 | D:1      | Reached XP level 3. HP: 23/24 MP: 3/6
   803 | D:1      | Learned a level 3 spell: Confuse
   884 | D:1      | Reached skill level 5 in Hexes
   992 | D:1      | Reached skill level 5 in Stealth
  1304 | D:2      | Found a glowing golden altar of the Shining One.
  1763 | D:2      | Reached XP level 4. HP: 24/31 MP: 2/7
  2465 | D:3      | Found a bloodstained altar of Trog.
  2471 | D:3      | Reached skill level 6 in Stealth
  2473 | D:3      | Reached XP level 5. HP: 36/36 MP: 2/9
  2700 | D:3      | Found an ancient bone altar of Kikubaaqudgha.
  2730 | D:3      | Found a sparkling altar of Nemelex Xobeh.
  2769 | D:3      | Reached skill level 1 in Fighting
  3354 | D:4      | Noticed Menkaure
  3361 | D:4      | Killed Menkaure
  3361 | D:4      | Reached skill level 7 in Stealth
  3361 | D:4      | Reached skill level 1 in Ice Magic
  3361 | D:4      | Reached XP level 6. HP: 34/43 MP: 10/10
  3374 | D:4      | Found Daohene's Magic Scroll Shoppe.
  3379 | D:4      | Found a glowing drain.
  3509 | Sewer    | Entered a sewer
  3697 | Sewer    | Reached XP level 7. HP: 36/48 MP: 0/11
  3822 | Sewer    | Reached skill level 8 in Stealth
  4670 | D:4      | Noticed Pikel
  4704 | D:4      | Killed Pikel
  4704 | D:4      | Reached skill level 9 in Stealth
  4704 | D:4      | Reached XP level 8. HP: 36/55 MP: 2/14
  4764 | D:5      | Entered Level 5 of the Dungeon
  4764 | D:5      | Noticed Duvessa
  4764 | D:5      | Noticed Dowan
  4783 | D:4      | Killed Duvessa
  4814 | D:4      | Killed Dowan
  4850 | D:4      | HP: 1/55 [ice beast (3)]
  4850 | D:4      | Slain by an ice beast

Skill      XL: |  1  2  3  4  5  6  7 |
---------------+----------------------+-----
Hexes          | 5 6 7 |  7.9
Stealth        | 5 6 7 9 |  9.5
Fighting       | 1 |  1.7
Dodging        | 3 4 |  4.5
Short Blades   | 2 |  2.5
Spellcasting   | 3 4 |  4.4
Ice Magic      | 1 2 |  2.7

Action                   |  1- 3 |  4- 6 |  7- 9 || total
-------------------------+-------+-------+-------++-------
Melee: Dagger            |   147 |   265 |    96 ||   508
       Bite              |     6 |    22 |    12 ||    40
 Cast: Corona            |     2 |       |       ||     2
       Ensorcelled Hiber |    15 |    34 |    24 ||    73
       Confuse           |       |     3 |     5 ||     8
Evoke: Wand              |       |       |     2 ||     2
  Use: Scroll            |     6 |     3 |       ||     9
       Potion            |     1 |       |     1 ||     2
 Stab: Sleeping          |    14 |    38 |    13 ||    65
       Confused          |       |     1 |     3 ||     4
Armor: Robe              |    48 |    59 |     9 ||   116
Dodge: Dodged            |   121 |   189 |    50 ||   360
